 Dungeon Crawl Stone Soup version 0.20.1-1-g8b1a95d (webtiles) character file.

21 tidbits the Insei (level 2, 0/22 HPs)
             Began as a Demigod Transmuter on Aug 11, 2017.
             Slain by an adder (2 damage)
             ... on level 2 of the Dungeon.
             The game lasted 00:03:03 (324 turns).

tidbits the Insei (Demigod Transmuter)               Turns: 324, Time: 00:03:04

Health: 0/22       AC:  2    Str: 13    XL:     2   Next: 48%
Magic:  1/7        EV: 12    Int: 17    God:
Gold:   69         SH:  0    Dex: 16    Spells: 1/4 levels left

rFire    . . .     SeeInvis .     - Unarmed
rCold    . . .     Gourm    .   (no shield)
rNeg     . . .     Faith    .   b - +0 robe
rPois    .         Spirit   .   (no helmet)
rElec    .         Reflect  .   (no cloak)
rCorr    .         Harm     .   (no gloves)
MR       .....                  (no boots)
Stlth    ++........             (no amulet)
Regen    0.1/turn               (no ring)
MPRegen  0.1/turn               (no ring)

@: lethally poisoned (0 -> -21), very slightly contaminated
A: high mp 1
a: no special abilities


You were on level 2 of the Dungeon.
You were not hungry.

You visited 1 branch of the dungeon, and saw 2 of its levels.

You collected 69 gold pieces.

Inventory:

Hand Weapons
 n - a +0 short sword
Missiles
 a - 9 arrows
 o - 5 stones (quivered)
Armour
 b - a +0 robe (worn)
 f - a +0 ring mail
Scrolls
 e - a scroll of immolation {unknown}
 j - 3 scrolls of enchant weapon {unknown}
 k - a scroll of fog {unknown}
 m - 2 scrolls of identify {unknown}
Potions
 i - a potion of flight {unknown}
 l - a potion of agility {unknown}
Books
 c - a book of Changes

   Spells                             Type                      Level
   a - Beastly Appendage              Transmutation                1
   b - Sticks to Snakes               Transmutation                2
   c - Spider Form                    Transmutation/Poison         3
   d - Ice Form                       Ice/Transmutation            4
   e - Blade Hands                    Transmutation                5
Comestibles
 d - a bread ration
 g - a meat ration
 h - a royal jelly


   Skills:
 - Level 0.8 Fighting
 - Level 1.7 Dodging
 - Level 1.0 Stealth
 + Level 3.4 Unarmed Combat
 - Level 1.7 Spellcasting
 - Level 1.7 Transmutations


You had one spell level left.
You knew the following spells:

 Your Spells              Type           Power        Failure   Level  Hunger
e - Beastly Appendage     Tmut           #.....       10%         1    #......
k - Sticks to Snakes      Tmut           #.......     14%         2    ###....


Dungeon Overview and Level Annotations

Branches:
Dungeon (2/15)


Innate Abilities, Weirdness & Mutations

You have an increased reservoir of magic. (+10% MP)


Message History

You hit the giant cockroach.
You kill the giant cockroach!
Your transformation is almost over.
You hit the kobold.
You kill the kobold!
o - 3 stones (gained 2)
Things that are here:
a dagger; a giant cockroach corpse
o - 4 stones (gained 1)
A kobold comes into view. It is wielding a dagger.
Found a runed whip.
Casting: Beastly Appendage
Confirm with . or Enter, or press ? or * to list all spells.
You extend your transformation's duration.
The kobold throws a stone.
The stone closely misses you.
Your magical contamination has completely faded away.
Things that are here:
a dagger; a giant cockroach corpse Your transformation is almost over.
Casting: Beastly Appendage
Confirm with . or Enter, or press ? or * to list all spells.
You miscast Beastly Appendage.
You are very lightly contaminated with residual magic.
Nothing appears to happen.
The kobold throws a stone.
The stone completely misses you.
Casting: Beastly Appendage
Confirm with . or Enter, or press ? or * to list all spells.
You extend your transformation's duration.
You hit the kobold.
You kill the kobold!
There are no items here.
o - 5 stones (gained 1)
Items here: )) †† a dagger x2; a kobold corpse; a giant cockroach corpse An adder comes into view.
Casting: Beastly Appendage
Confirm with . or Enter, or press ? or * to list all spells.
You miscast Sticks to Snakes.
The air around you crackles with energy!
The adder hisses angrily.
Casting: Sticks to Snakes
Confirm with . or Enter, or press ? or * to list all spells.
You create a snake!
You now have 10 arrows.
Your transformation is almost over.
Casting: Sticks to Snakes
Confirm with . or Enter, or press ? or * to list all spells.
You don't have enough magic to cast that spell.
The adder bites your ball python.
You swap places.
The adder barely misses you.
The adder closely misses your ball python.
Your ball python barely misses the adder.
Your ball python closely misses the adder.
The adder barely misses your ball python.
Your ball python bites the adder but does no damage.
Your ball python closely misses the adder.
The adder bites your ball python.
Your ball python is poisoned.
The adder poisons your ball python!
Your ball python barely misses the adder.
Your ball python grabs the adder.
Your ball python constricts the adder.
The adder bites your ball python.
Your ball python dies!
Casting: Sticks to Snakes
Confirm with . or Enter, or press ? or * to list all spells.
You create a snake!
You now have 9 arrows.
Your talons disappear.
The adder bites you.
You are poisoned.
The adder poisons you! The adder bites you.
You are more poisoned.
The adder poisons you!
Your ball python barely misses the adder.
Your ball python completely misses the adder.
Unknown command.
You hit the adder.
The adder is lightly wounded.
You feel sick. The adder bites you.
Your ball python bites the adder.
Your ball python closely misses the adder.
You closely miss the adder.
The adder is moderately wounded.
You feel sick. The adder bites you.
* * * LOW HITPOINT WARNING * * *
You are more poisoned.
The adder poisons you!
Your ball python barely misses the adder. x2
Unknown command.
You hit the adder.
The adder is severely wounded.
* * * LOW HITPOINT WARNING * * *
You feel sick. The adder bites you.
* * * LOW HITPOINT WARNING * * *
You are more poisoned.
The adder poisons you!
Your ball python misses the adder.
Your ball python grabs the adder.
Your ball python constricts the adder.
Unknown command.
You hit the adder but do no damage.
The adder is almost dead.
* * * LOW HITPOINT WARNING * * *
You feel sick. The adder bites you.
You die...

#...#.
#####.......
.........#.#
........#.#.#
........#.#.#
........#.#.#
........#.#.#
.........S#.#
.........@S.#
).........#)#
.......(###.#
........# #.#
........# #.#
........# #.#
........# #.#
........# #.#
......K## #.#


You could see an adder and a friendly ball python.

Vanquished Creatures
  An adder (D:1)
  A bat (D:1)
  A giant cockroach (D:2)
  2 goblins
  2 jackals (D:1)
  A frilled lizard (D:1)
  3 kobolds (D:2)
11 creatures vanquished.

Notes
Turn   | Place    | Note
-------+----------+-------------------------------------------
     0 | D:1      | tidbits the Demigod Transmuter began the quest for the Orb.
     0 | D:1      | Reached XP level 1. HP: 15/15 MP: 5/5
    17 | D:1      | Noticed a merfolk zombie
    40 | D:1      | Reached skill level 3 in Unarmed Combat
    84 | D:1      | Reached XP level 2. HP: 20/22 MP: 5/7
    89 | D:1      | Learned a level 2 spell: Sticks to Snakes
   222 | D:1      | Reached skill level 1 in Stealth
   324 | D:2      | HP: 2/22 [poisoned by an adder]
   324 | D:2      | Slain by an adder

Skill      XL: |  1  2 |
---------------+-------+-----
Unarmed Combat | 3 |  3.4
Stealth        | 1 |  1.0
Fighting       | |  0.8
Dodging        | |  1.7
Spellcasting   | |  1.7
Transmutations | |  1.7

Action                   || total
-------------------------++-------
Melee: Unarmed           ||    34
       Kick              ||     6
 Cast: Beastly Appendage ||    10
       Sticks to Snakes  ||     3
Armor: Robe              ||     7
Dodge: Dodged            ||    21

Table legend:
 A = Turns spent in this place as a percentage of turns spent in the entire game.
 B = Non-inter-level travel turns spent in this place as a percentage of non-inter-level travel turns spent in the entire game.
 C = Inter-level travel turns spent in this place as a percentage of turns spent in this place.
 D = Turns resting spent in this place as a percentage of non-inter-level travel turns spent in this place.
 E = Turns spent auto-exploring this place as a percentage of non-inter-level travel turns spent in this place.
 F = Non-inter-level travel turns spent in this place divided by the number of levels of this place that you've seen.
                   A       B       C       D       E      F
               +-------+-------+-------+-------+-------+----------------------
         Total | 100.0 | 100.0 |   0.0 |   0.0 |   0.0 | 146.5
       Dungeon | 100.0 | 100.0 |   0.0 |   0.0 |   0.0 | 146.5
               +-------+-------+-------+-------+-------+----------------------

Table legend:
 A = Kills in this place as a percentage of kills in entire the game.
 B = Kills by you in this place as a percentage of kills by you in the entire game.
 C = Kills by friends in this place as a percentage of kills by friends in the entire game.
 D = Other kills in this place as a percentage of other kills in the entire game.
 E = Experience gained in this place as a percentage of experience gained in the entire game.
 F = Experience gained in this place divided by the number of levels of this place that you have seen.
                   A       B       C       D       E      F
               +-------+-------+-------+-------+-------+----------------------
         Total | 100.0 | 100.0 |  -nan |  -nan | 100.0 |  15.5
       Dungeon | 100.0 | 100.0 |  -nan |  -nan | 100.0 |  15.5
               +-------+-------+-------+-------+-------+----------------------

Vault maps used:
D:1:      shiori_arrival_whats_in_store_for_you
D:2:      uniq_jessica
